 Dungeon Crawl Stone Soup version 0.19.4-9-g45fd643 (webtiles) character file.

209 equalderp2856 the Scratcher (level 5, 0/25 HPs)
             Began as a Felid Fighter on Feb 15, 2017.
             Slain by a quokka (2 damage)
             ... on level 3 of the Dungeon.
             The game lasted 00:20:46 (5366 turns).

equalderp2856 the Scratcher (Felid Fighter)         Turns: 5366, Time: 00:20:46

Health: 0/25       AC:  1    Str: 13    XL:     5   Next: 55%
Magic:  6/6        EV: 21    Int: 10    God:
Gold:   222        SH:  0    Dex: 15    Spells: 0 memorised, 4 levels left
                                        Lives:  0   Deaths: 1

rFire  . . .     SeeInvis +       - Unarmed
rCold  . . .     Gourm    .     (armour unavailable)
rNeg   . . .     Faith    .     (shield unavailable)
rPois  .         Spirit   .     (helmet unavailable)
rElec  .         Reflect  .     (cloak unavailable)
rCorr  .         Harm     .     (gloves unavailable)
MR     .....                    (boots unavailable)
Stlth  ++........               (no amulet)
                                (no ring)
                                (no ring)

@: hasted, very quick
A: no armour, no weapons or thrown items, stealth, claws 1, fangs 3, see
invisible, carnivore 3, speed 1, shaggy fur 1, slow metabolism 1, sharp paws
a: no special abilities


You were on level 3 of the Dungeon.
You were not hungry.

You visited 1 branch of the dungeon, and saw 4 of its levels.
You also visited: Ossuary.

You collected 222 gold pieces.

Inventory:

Missiles
 g - 15 arrows
 q - 23 poisoned needles
Armour
 h - a +2 cloak
Jewellery
 i - an uncursed ring of protection from cold {unknown}
 k - an uncursed ring of resist corrosion {unknown}
 t - an uncursed amulet of the gourmand {unknown}
Wands
 p - a wand of teleportation (4/9)
Scrolls
 d - 2 scrolls of amnesia
 f - a scroll of identify
 j - 2 scrolls of fog
 o - a scroll of random uselessness
 r - 2 scrolls of teleportation
Potions
 a - a potion of might
 e - 3 potions of lignification
 s - a potion of berserk rage {unknown}
 u - 2 potions of degeneration
Comestibles
 b - 2 meat rations
 c - 2 slices of pizza
 m - 4 bread rations


   Skills:
 + Level 3.7 Fighting
 + Level 5.6 Dodging
 + Level 1.9 Stealth
 + Level 6.1 Unarmed Combat


You had 4 spell levels left.
You didn't know any spells.

Dungeon Overview and Level Annotations

Branches:
Dungeon (4/15)
 Temple: D:4-7

Altars:
Ashenzari
Dithmenos
Gozag
Makhleb
Ru
Sif Muna
Yredelemnul

Annotations:
D:2 Terence
D:3 Grinder; pps's ghost, amateur HuFi
D:4 Paps's ghost, amateur TrFi


Innate Abilities, Weirdness & Mutations

You cannot wear armour.
You are incapable of wielding weapons or throwing items.
Your paws allow you to move quietly. (Stealth)
You have sharp claws.
You have razor-sharp teeth.
You have supernaturally acute eyesight. (SInv)
You are carnivorous and can eat meat at any time.
You cover ground quickly.
You are covered in fur. (AC +1)
You have a slow metabolism.
Your sharp claws are effective at attacking unaware monsters.


Message History

You see here a bat corpse.
Grinder gestures at you.
You suddenly lose the ability to move!
Grinder blinks!
The quokka bites you. Grinder gestures at you. Pain shoots through your body!
The quokka bites you. Grinder hits you but does no damage.
The quokka bites you.
* * * LOW HITPOINT WARNING * * *
You can move again.
You barely miss the quokka. The quokka bites you.
* * * LOW HITPOINT WARNING * * *
Grinder misses you.
It was a potion of magic.
Magic courses through your body. The quokka barely misses you.
Grinder says, "I used to sell toenails on the black market."
Grinder barely misses you.
Unknown command.
It was a potion of haste.
You feel yourself speed up. The quokka bites you.
You die...

# # #. # .. #### .###
...###. ..# .......
#.# )..###r #.## ####
#..#########. #
#...5@r......
#.#####.###########
#.......# ####
####.#### ... ###.#
####### .###
#...#####.....# ...##
#.##...##.....# ....#
#.##..........#
....#.#......##.....#


You could see Grinder and a quokka.

Vanquished Creatures
  A human zombie (Ossuary)
  An orc priest (D:3)
  Ijyb (D:2)
  3 mummies (Ossuary)
  A howler monkey skeleton (D:4)
  3 adders
  2 oozes
  An adder zombie (Ossuary)
  2 worms (D:2)
  2 dart slugs (D:1)
  A leopard gecko (D:2)
  6 orcs (D:3)
  8 giant cockroaches
  10 goblins
  6 hobgoblins
  6 jackals (D:1)
  8 kobolds
  3 quokkas
  A ball python (D:1)
  10 bats
  3 frilled lizards (D:2)
  3 goblin zombies (Ossuary)
  4 hobgoblin zombies (Ossuary)
  2 kobold zombies (Ossuary)
  An orc zombie (Ossuary)
  A quokka zombie (Ossuary)
  5 rats
  2 rat zombies (Ossuary)
97 creatures vanquished.

Vanquished Creatures (others)
  A goblin zombie (Ossuary)
  A kobold zombie (Ossuary)
  A rat zombie (Ossuary)
3 creatures vanquished.

Grand Total: 100 creatures vanquished

Notes
Turn   | Place    | Note
-------+----------+-------------------------------------------
     0 | D:1      | equalderp2856 the Felid Fighter began the quest for the Orb.
     0 | D:1      | Reached XP level 1. HP: 10/10 MP: 2/2
   143 | D:1      | Reached XP level 2. HP: 4/14 MP: 3/3
   751 | D:2      | Noticed Ijyb
   779 | D:2      | Killed Ijyb
   779 | D:2      | Reached XP level 3. HP: 11/17 MP: 4/4
   866 | D:2      | Noticed Terence
  1200 | D:1      | Reached XP level 4. HP: 20/21 MP: 5/5
  1752 | D:3      | Reached skill level 5 in Unarmed Combat
  1760 | D:3      | Reached skill level 5 in Dodging
  2036 | D:3      | Noticed pps's ghost (amateur HuFi)
  2277 | D:2      | HP: 1/21 [goblin (4)]
  2920 | D:4      | Found a deep blue altar of Sif Muna.
  2920 | D:4      | Found a basalt altar of Yredelemnul.
  2920 | D:4      | Found a burning altar of Makhleb.
  2920 | D:4      | Found a shadowy altar of Dithmenos.
  2920 | D:4      | Found an opulent altar of Gozag.
  2920 | D:4      | Found a shattered altar of Ashenzari.
  2936 | D:4      | Reached XP level 5. HP: 8/24 MP: 6/6
  2941 | D:4      | Found a sand-covered staircase.
  2966 | D:4      | Noticed Paps's ghost (amateur TrFi)
  2981 | Ossuary  | Entered an ossuary
  3037 | Ossuary  | HP: 1/24 [kobold zombie (3)]
  3043 | Ossuary  | Slain by an adder zombie
  3044 | Ossuary  | Reached XP level 4. HP: -1/21 MP: 5/5
  3120 | Ossuary  | Reached skill level 1 in Stealth
  3520 | Ossuary  | Reached XP level 5. HP: 25/25 MP: 6/6
  3941 | D:4      | Found a sacrificial altar of Ru.
  5096 | D:3      | Reached skill level 6 in Unarmed Combat
  5353 | D:3      | Noticed Grinder
  5357 | D:3      | Paralysed by Grinder for 6 turns
  5366 | D:3      | Slain by a quokka

Skill      XL: |  1  2  3  4  5 |
---------------+----------------+-----
Unarmed Combat | 5 6 |  6.1
Dodging        | 5 |  5.6
Stealth        | 1 |  1.9
Fighting       | |  3.7

Action                   |  1- 3 |  4- 6 || total
-------------------------+-------+-------++-------
Melee: Unarmed           |    93 |   221 ||   314
       Bite              |     6 |    17 ||    23
       Punch             |       |     4 ||     4
  Use: Scroll            |       |    12 ||    12
       Potion            |       |     4 ||     4
 Stab: Sleeping          |     1 |     5 ||     6
       Distracted        |       |     1 ||     1
  Eat: Chunk             |     2 |     7 ||     9
Armor: Skin              |     7 |     8 ||    15
Dodge: Dodged            |   129 |   171 ||   300
